 Dungeon Crawl Stone Soup version 0.23-a0-470-g6f7cfd9 (webtiles) character file.

168 tatocazan the Slasher (level 5, -2/48 HPs)
             Began as a Minotaur Fighter on Nov 27, 2018.
             Was an Initiate of Okawaru.
             Succumbed to Sigmund's poison
             ... on level 3 of the Dungeon.
             The game lasted 00:02:20 (2623 turns).

tatocazan the Slasher (Minotaur Fighter)            Turns: 2623, Time: 00:02:20

Health: -2/48      AC:  6    Str: 26    XL:     5   Next: 24%
Magic:  4/4        EV:  7    Int:  5    God:    Okawaru [......]
Gold:   205        SH: 10    Dex: 10    Spells: 4/4 levels left

rFire    . . .     SeeInvis .   a - +0 long sword
rCold    . . .     Gourm    .   c - +0 shield
rNeg     . . .     Faith    .   b - +0 scale mail
rPois    .         Spirit   .   (helmet restricted)
rElec    .         Reflect  .   (no cloak)
rCorr    .         Harm     .   (no gloves)
MR       .....                  (no boots)
Stlth    ..........             (no amulet)
HPRegen  0.16/turn              (no ring)
MPRegen  0.09/turn              (no ring)

@: mighty, lethally poisoned (-2 -> -39), flying
A: retaliatory headbutt, horns 2
a: Renounce Religion


You were on level 3 of the Dungeon.
You worshipped Okawaru.
Okawaru was noncommittal.
You were not hungry.

You visited 1 branch of the dungeon, and saw 3 of its levels.

You collected 205 gold pieces.

Inventory:

Hand Weapons
 a - a +0 long sword (weapon)
Armour
 b - a +0 scale mail (worn)
 c - a +0 shield (worn)
 j - a +0 pair of boots
Jewellery
 r - an uncursed amulet of guardian spirit {unknown}
Scrolls
 e - 3 scrolls of remove curse {unknown}
 g - 4 scrolls of identify {unknown}
 h - a scroll of fog {unknown}
 o - a scroll of enchant weapon {unknown}
 p - a scroll of immolation {unknown}
 q - a scroll of enchant armour {unknown}
 t - a scroll of amnesia {unknown}
 u - a scroll of noise {unknown}
Potions
 d - a potion of might
 i - a potion of mutation {unknown}
 k - a potion of flight
 l - a potion of haste {unknown}
 m - 3 potions of berserk rage {unknown}
 n - a potion of invisibility {unknown}
Comestibles
 f - 6 rations
 s - 10 chunks of flesh


   Skills:
 + Level 5.0 Fighting
 * Level 5.6 Long Blades
 - Level 3.6 Armour
 - Level 3.6 Shields


You had 4 spell levels left.
You didn't know any spells.
Your spell library was empty.

Dungeon Overview and Level Annotations

Branches:
Dungeon (3/15)

Altars:
Okawaru

Annotations:
D:3 Sigmund


Innate Abilities, Weirdness & Mutations

You reflexively headbutt those who attack you in melee.
You have a pair of horns on your head.


Message History

You take 1 damage, and have 18/48 hp.
You miss something. You headbutt something!
You feel very sick.
You take 2 damage, and have 16/48 hp.
You completely miss something.
* * * LOW HITPOINT WARNING * * *
You feel sick. Something hits you but does no damage.
You are more poisoned.
You take 2 damage, and have 14/48 hp.
You barely miss something.
* * * LOW HITPOINT WARNING * * *
You feel very sick. Something hits you!
* * * LOW HITPOINT WARNING * * *
You are more poisoned.
You take 13 damage, and have 1/48 hp.
MASSIVE DAMAGE!!
It was a potion of flight.
You feel very buoyant.
You fly up into the air.
You die...

#.################
#.# #.# #.#
#.########## ...
#.........># #.#
##########.## ...
###...#######.
#.............
#.#...########
#@##......#
#{#######.# ..#
#.# ##.# #.# #..
#.# ... #.# #.#
#.# #.# #.# #.#


There were no monsters in sight!

Vanquished Creatures
  Jessica (D:3)
  6 adders (D:2)
  2 oozes
  2 worms (D:2)
  A leopard gecko (D:3)
  4 orcs (D:3)
  6 bats
  6 giant cockroaches
  8 goblins
  7 hobgoblins
  3 jackals (D:2)
  A quokka (D:2)
  3 frilled lizards
  9 kobolds
  12 rats
71 creatures vanquished.

Notes
Turn   | Place    | Note
-------+----------+-------------------------------------------
     0 | D:1      | tatocazan the Minotaur Fighter began the quest for the Orb.
     0 | D:1      | Reached XP level 1. HP: 19/19 MP: 0/0
   179 | D:1      | Reached XP level 2. HP: 27/27 MP: 1/1
   751 | D:1      | Reached XP level 3. HP: 30/33 MP: 2/2
  1101 | D:2      | Reached XP level 4. HP: 27/41 MP: 3/3
  1818 | D:2      | Reached skill level 5 in Long Blades
  2406 | D:3      | Noticed Jessica
  2410 | D:3      | Found an iron altar of Okawaru.
  2426 | D:3      | Killed Jessica
  2426 | D:3      | Reached skill level 5 in Fighting
  2426 | D:3      | Reached XP level 5. HP: 33/48 MP: 4/4
  2438 | D:3      | Became a worshipper of Warmaster Okawaru
  2610 | D:3      | Noticed Sigmund
  2622 | D:3      | HP: 1/48 [something (10)]
  2623 | D:3      | Succumbed to Sigmund's poison

Vault maps used:
D:1:      sevenhm_arrival_forest_fort_large_1, minmay_cut_off
D:2:      serial_bayou, serial_bayou_lake_a, serial_bayou_shore_b,
          serial_bayou_pond_e, serial_bayou_crossing, serial_bayou_pond_e
D:3:      minmay_wonky_spiral, old_standard_altar,
          chequers_ecumenical_altar_simple, ebering_ghost_reflecting_pool,
          uniq_crazy_yiuf_cottage, uniq_natasha, uniq_jessica, uniq_sigmund

Skill      XL: |  1  2  3  4 |
---------------+-------------+-----
Long Blades    | 3 4 5 |  5.6
Fighting       | 4 5 |  5.0
Armour         | |  3.6
Shields        | |  3.6

Action                   |  1- 3 |  4- 6 || total
-------------------------+-------+-------++-------
Melee: Long sword        |   100 |    77 ||   177
       Headbutt          |    13 |    12 ||    25
  Use: Potion            |       |     2 ||     2
  Eat: Chunk             |     1 |     5 ||     6
Armor: Scale mail        |    54 |    30 ||    84
Dodge: Dodged            |    45 |    15 ||    60
Block: Shield            |    72 |    32 ||   104
       Rpst.: Long sword |    10 |     1 ||    11

Table legend:
 A = Non-vault XP
 B = Vault XP
 C = Vault XP percentage of total XP
 D = Non-vault monster count
 E = Vault monster count
 F = Vault count percentage of total count
                 A         B        C        D         E       F
            +---------+---------+-------+---------+---------+-------
      Total |     193 |      48 |  19.9 |      63 |       8 |  11.3
            +---------+---------+-------+---------+---------+-------
        D:1 |      44 |      11 |  20.0 |      26 |       7 |  21.2
        D:2 |     124 |       0 |   0.0 |      26 |       0 |   0.0
        D:3 |      25 |      37 |  59.7 |      11 |       1 |   8.3
            +---------+---------+-------+---------+---------+-------
